 Dungeon Crawl Stone Soup version 0.29-a0-553-g81b289d (webtiles) character file.

Game seed: 1218685130044423356

3749 PurpleRed the Thaumaturge (level 9, 0/50 HPs)
             Began as a Deep Elf Cinder Acolyte on June 6, 2022.
             Was a Believer of Ignis.
             Slain by a wyvern (4 damage)
             ... while petrified by a basilisk
             ... on level 10 of the Dungeon.
             The game lasted 00:36:51 (3104 turns).

PurpleRed the Thaumaturge (Deep Elf Cinder Acolyte) Turns: 3104, Time: 00:36:51

Health: 0/50       AC:  5    Str: 11    XL:     9   Next: 93%
Magic:  28/28      EV:  2    Int: 24    God:    Ignis [**....]
Gold:   172        SH:  0    Dex: 10    Spells: 19/34 levels left

rFire   + + .      SeeInvis .   a - staff of conjuration
rCold   + . .      Faith    .   (no shield)
rNeg    + + +      Spirit   .   x - +0 robe
rPois   ∞          Reflect  .   (no helmet)
rElec   .          Harm     .   l - scarf {rC+ rF+}
rCorr   .          Rampage  .   h - +1 pair of gloves
Will    .....                   H - +0 pair of boots
Stlth   +.........              B - amulet of the acrobat
HPRegen 0.16/turn               y - +4 ring of evasion
MPRegen 0.21/turn               (no ring)

@: petrified
A: no striking features
a: Renounce Religion, Fiery Armour, Foxfire Swarm, Rising Flame


You were on level 10 of the Dungeon.
You worshipped Ignis.
Ignis was pleased with you.
You visited 2 branches of the dungeon, and saw 11 of its levels.

You collected 338 gold pieces.
You spent 166 gold pieces at shops.

Inventory:

Hand Weapons
 b - a +3 dagger of freezing
 c - a +0 long sword of protection
 p - a +1 hunting sling of freezing
 E - a -1 short sword of flaming
Missiles
 f - 2 atropa-tipped darts
Armour
 h - a +1 pair of gloves (worn)
 l - a scarf of resistance (worn)
 x - a +0 robe (worn)
 A - a +0 buckler
 H - a +0 pair of boots (worn)
Magical Staves
 a - a staff of conjuration (weapon)
Jewellery
 y - a +4 ring of evasion (left hand)
 B - an amulet of the acrobat (around neck)
 I - a ring of poison resistance
Wands
 n - a wand of flame (72)
 v - a wand of iceblast (6)
Scrolls
 d - 2 scrolls of amnesia
 i - a scroll of teleportation
 o - 2 scrolls of blinking
 s - a scroll of acquirement
 D - 2 scrolls of magic mapping
 J - a scroll of silence
Potions
 e - 5 potions of curing
 g - 2 potions of flight
 j - a potion of heal wounds {unknown}
 k - a potion of brilliance
 m - a potion of degeneration
 q - a potion of attraction {unknown}
 r - 3 potions of magic
 t - a potion of haste {unknown}
 u - 2 potions of berserk rage
 w - 3 potions of cancellation
 z - a potion of invisibility {unknown}
 C - a potion of might {unknown}
 F - 2 potions of lignification
 G - a potion of mutation {unknown}


   Skills:
 + Level 3.0 Fighting
 - Level 3.0 Short Blades
 - Level 5.0 Dodging
 + Level 13.3 Spellcasting
 - Level 5.0 Conjurations
 + Level 3.9 Fire Magic
 - Level 5.0 Ice Magic
 + Level 0.5 Air Magic
 - Level 5.0 Earth Magic


You had 19 spell levels left.
You knew the following spells:

 Your Spells              Type           Power      Damage    Failure   Level
a - Scorch                Fire           68%        2d8       1%          2
b - Stone Arrow           Conj/Erth      100%       3d13      1%          3
c - Frozen Ramparts       Ice            80%        1d10      1%          3
d - Hailstorm             Conj/Ice       57%        3d12      4%          4
e - Swiftness             Air            18%        N/A       9%          3

Your spell library contained the following spells:

 Spells                   Type           Power      Damage    Failure   Level
 Freeze                   Ice            100%       1d11      1%          1
 Magic Dart               Conj           100%       1d8       1%          1
 Shock                    Conj/Air       100%       1d9       1%          1
 Summon Small Mammal      Summ           64%        N/A       3%          1
 Call Imp                 Summ           16%        N/A       5%          2
 Mephitic Cloud           Conj/Pois/Air  37%        N/A       5%          3
 Call Canine Familiar     Summ           16%        N/A       11%         3
 Confusing Touch          Hex            16%        N/A       11%         3
 Summon Guardian Golem    Hex/Summ       16%        N/A       11%         3
 Animate Armour           Summ/Erth      56%        N/A       13%         4
 Airstrike                Air            9%         N/A       30%         4
 Yara's Violent Unravell  Hex/Tmut       8%         3d5       71%         5
 Enfeeble                 Hex            8%         N/A       100%        7
 Lehudib's Crystal Spear  Conj/Erth      28%        10d8      100%        8


Dungeon Overview and Level Annotations

Branches:
Dungeon (10/15)            Temple (1/1) D:7            Lair (0/6) D:10
    Orc: D:9-12

Altars:
Ashenzari
Cheibriados
Fedhas
Gozag
Hepliaklqana
Makhleb
Okawaru
Qazlal
Ru
Sif Muna
Trog
Uskayaw
Vehumet
Wu Jian
Xom
Yredelemnul

Shops:
D:3 *   D:8 *


Message History

There is an open door here.
Found a scroll of identify.
You now have 172 gold pieces (gained 7).
Found a stone staircase leading down.
You hear the faint creaking of a very distant portcullis.
Found a shortbow.
K - a scroll of identify
As you read the scroll of identify, it crumbles to dust.
F - 2 potions of lignification
There is a stone staircase leading down here.
As you open the door, it creaks loudly!
There is an open door here.
You open the door.
Found a war axe and 5 javelins.
There is an open door here.
Found a tubular jade ring and a short sword.
You see here a +0 war axe.
You see here 5 javelins.
A wyvern, a yak and 2 basilisks come into view.
Found a staircase to the Lair.
The wyvern hisses angrily.
The yak bellows!
The basilisk hisses angrily.
You see here a +6 ring of strength.
The wyvern attacks as you move away! The wyvern bites you!
The wyvern misses you. The basilisk gazes at you.
You are slowing down.
The wyvern closely misses you.
Your limbs are stiffening.
The wyvern completely misses you.
You have turned to stone.
The wyvern barely misses you. The wyvern bites you. x2
The wyvern bites you! The yak gores you but does no damage.
The wyvern bites you but does no damage.
The wyvern bites you! The yak gores you but does no damage.
The wyvern bites you! The yak gores you!
* * * LOW HITPOINT WARNING * * *
The basilisk gazes at you. The wyvern bites you!
* * * LOW HITPOINT WARNING * * *
The wyvern bites you!
You die...

..................... .. #
#.................# #.. #.
#.................########.. #.
#......##...................
#..#......##...................
#..#)..(........>..............
#.......).....#'####...........
#...=.....)..l#....#...........
#.....####.....l@....#...........
...... #.....Y#....+..........#
...... #..##..#....##########'#
.....Y .....##..#....# ..........
.l.>l.......##..+....# ..........
............##..#....# ..........
P........#......#....# ........##
....####+####....# ........##
..## ..........


You could see a yak, a basilisk and a wyvern.

Vanquished Creatures
  A troll (D:8)
  Grinder (D:5)
  A vampire (D:9)
  5 yaks (D:9)
  A steam dragon (D:7)
  An acid dragon (D:10)
  2 water moccasins
  A black bear (D:7)
  An ice beast (D:7)
  2 sky beasts (D:7)
  A centaur (D:8)
  2 kobold brigands
  A bullfrog (D:7)
  3 gnoll sergeants
  A scorpion (D:5)
  6 wights (D:8)
  6 howler monkeys
  2 hounds
  5 jellies
  2 orc priests (D:7)
  A gnoll shaman (D:8)
  2 iguanas (D:4)
  An orc wizard (D:7)
  3 adders
  12 gnolls
  2 white imps
  A dart slug (D:4)
  9 orcs
  4 endoplasms
  2 giant cockroaches
  A goblin (D:4)
  2 hobgoblins (D:1)
  3 quokkas
  3 ball pythons (D:1)
  5 bats
  2 frilled lizards
  10 kobolds
108 creatures vanquished.

Notes
Turn   | Place    | Note
-------+----------+-------------------------------------------
     0 | D:1      | PurpleRed the Deep Elf Cinder Acolyte began the quest for
                  | the Orb.
     0 | D:1      | Reached XP level 1. HP: 13/13 MP: 5/5
    71 | D:1      | Reached skill level 2 in Spellcasting
    72 | D:1      | Reached XP level 2. HP: 16/18 MP: 7/7
   140 | D:1      | Learned a level 2 spell: Scorch
   202 | D:2      | Found a faded altar of an unknown god.
   325 | D:3      | Reached skill level 1 in Dodging
   327 | D:3      | Found Afats's Assorted Antiques.
   474 | D:4      | Reached skill level 3 in Spellcasting
   474 | D:4      | Reached XP level 3. HP: 22/22 MP: 3/9
   534 | D:4      | Learned a level 3 spell: Stone Arrow
   545 | D:4      | Reached XP level 4. HP: 22/27 MP: 3/11
   717 | D:5      | Entered Level 5 of the Dungeon
   743 | D:4      | Reached skill level 1 in Conjurations
   743 | D:4      | Reached skill level 1 in Earth Magic
   865 | D:4      | Reached skill level 4 in Spellcasting
   865 | D:4      | Reached XP level 5. HP: 32/32 MP: 4/13
  1103 | D:5      | Noticed Grinder
  1122 | D:5      | Killed Grinder
  1123 | D:5      | Reached skill level 5 in Spellcasting
  1123 | D:5      | Reached XP level 6. HP: 22/37 MP: 4/15
  1205 | D:7      | Noticed an ice beast
  1206 | D:7      | Reached XP level 7. HP: 32/41 MP: 11/17
  1223 | D:7      | Reached skill level 6 in Spellcasting
  1231 | D:7      | Found an ornate altar of the Wu Jian Council.
  1249 | D:7      | Noticed a steam dragon
  1256 | D:7      | Killed a steam dragon
  1373 | D:7      | Found an iron altar of Okawaru.
  1374 | D:7      | Found a hazy altar of Hepliaklqana.
  1414 | D:7      | Identified a scroll of acquirement
  1442 | D:7      | Found a burning altar of Makhleb.
  1513 | D:8      | Reached skill level 7 in Spellcasting
  1513 | D:8      | Reached XP level 8. HP: 37/46 MP: 11/20
  1527 | D:8      | Reached skill level 5 in Conjurations
  1527 | D:8      | Reached skill level 5 in Earth Magic
  1550 | D:8      | Noticed a troll
  1565 | D:8      | Killed a troll
  1613 | D:8      | Found a hide-covered altar of Uskayaw.
  1620 | D:8      | Reached skill level 8 in Spellcasting
  1769 | D:5      | Reached skill level 5 in Dodging
  1880 | D:6      | Found a broken altar of Ashenzari.
  1923 | D:6      | Reached skill level 9 in Spellcasting
  1929 | D:6      | Learned a level 3 spell: Frozen Ramparts
  1934 | D:6      | Learned a level 4 spell: Hailstorm
  2004 | D:5      | Reached skill level 1 in Ice Magic
  2138 | D:7      | Found a staircase to the Ecumenical Temple.
  2147 | Temple   | Entered the Ecumenical Temple
  2291 | D:7      | Reached XP level 9. HP: 50/50 MP: 13/24
  2388 | D:8      | Reached skill level 10 in Spellcasting
  2521 | D:8      | Found Dyshroq's Assorted Antiques.
  2536 | D:8      | Bought a scroll of magic mapping for 94 gold pieces
  2536 | D:8      | Bought a viscous blue potion for 24 gold pieces
  2536 | D:8      | Bought a viscous blue potion for 24 gold pieces
  2536 | D:8      | Bought an emerald potion for 24 gold pieces
  2640 | D:9      | Reached skill level 5 in Ice Magic
  2684 | D:9      | Learned a level 3 spell: Swiftness
  2719 | D:9      | Reached skill level 11 in Spellcasting
  2758 | D:9      | Found a large runed translucent door.
  2759 | D:9      | Found a large runed translucent door.
  2793 | D:9      | Reached skill level 12 in Spellcasting
  2798 | D:9      | Reached skill level 13 in Spellcasting
  2840 | D:9      | Found a blossoming altar of Fedhas.
  2850 | D:9      | Found a sacrificial altar of Ru.
  3016 | D:10     | Entered Level 10 of the Dungeon
  3088 | D:10     | Found a staircase to the Lair.
  3104 | D:10     | Slain by a wyvern

Illustrated notes

Levels and vault maps discovered:
D:1:      evilmike_arrival_plus, layout_rooms
D:2:      layout_basic, ebering_ecumenical_altar_abandoned
D:3:      layout_rooms, good_gods_mini_temple, serial_shops,
          nicolae_shop_overgrown_old_shop, serial_park_tiny_1, uniq_natasha
D:4:      layout_basic, serial_shops, shop
D:5:      layout_loops_corners, overflow_temple_1_default, uniq_grinder
D:6:      layout_cave_pools, nicolae_ashenzari_skybound, serial_column_ruins,
          column_ruins_courtyard_long, column_ruins_open_tiny,
          column_ruins_columns_straight, column_ruins_open_large,
          column_ruins_columns_T, column_ruins_grid_1, column_ruins_open_tiny
D:7:      layout_basic, lightli_temple_of_fire, mainiacjoe_overflow_paths,
          mainiacjoe_overflow_divided_tiny, minmay_temple_entry_poolview
D:8:      layout_cave_pools, nicolae_uskayaw_murder_on_the_dancefloor,
          serial_shops, shop
D:9:      layout_basic, jmf_multi_god_temple2, ebering_dispersal_statue_hall,
          amcnicky_mini_corridor_feature, uniq_maurice
D:10:     layout_stronghold, david_lair_generic, enter_bailey_2,
          kennysheep_diamond
Temple:   jpeg_temple_alley_garden

Skill      XL: |  1  2  3  4  5  6  7  8  9 |
---------------+----------------------------+-----
Spellcasting   | 2 3 4 5 7 9 13 | 13.3
Dodging        | 1 2 3 5 |  5.0
Fighting       | 3 |  3.0
Conjurations   | 1 3 4 5 |  5.0
Earth Magic    | 1 3 4 5 |  5.0
Ice Magic      | 3 5 |  5.0
Short Blades   | |  3.0
Fire Magic     | |  3.9
Air Magic      | |  0.5

Action                   |  1- 3 |  4- 6 |  7- 9 || total
-------------------------+-------+-------+-------++-------
Melee: Short sword       |    26 |       |       ||    26
       Long sword        |       |    16 |    29 ||    45
       Hunting sling     |       |       |     1 ||     1
       Dagger            |       |       |    34 ||    34
       Staff             |       |       |     8 ||     8
 Fire: Hunting sling     |     5 |    22 |     5 ||    32
 Cast: Scorch            |     7 |    18 |    35 ||    60
       Stone Arrow       |       |     3 |    42 ||    45
       Frozen Ramparts   |       |       |     6 ||     6
Invok: Fiery Armour      |     2 |     2 |     4 ||     8
  Use: Scroll            |     8 |     2 |     9 ||    19
Armor: Robe              |    11 |    14 |    29 ||    54
Dodge: Dodged            |    19 |    25 |    95 ||   139

Table legend: (Time is in decaauts)
 A = Elapsed time spent in this place.
 B = Non-inter-level travel time spent in this place.
 C = Inter-level travel time spent in this place.
 D = Time resting spent in this place.
 E = Time spent auto-exploring this place.
 F = Levels seen in this place.
 G = Mean time per level.
                   A        B        C        D        E       F      G
               +--------+--------+--------+--------+--------+-----+--------+
         Total |   3144 |   3121 |     23 |      0 |      0 |  11 |  285.8 |
       Dungeon |   3083 |   3060 |     23 |      0 |      0 |  10 |  308.3 |
        Temple |     60 |     60 |      0 |      0 |      0 |   1 |   60.0 |
               +--------+--------+--------+--------+--------+-----+--------+

Top non-repeatable levels by time:
     D:4: 618 daAuts
     D:7: 596 daAuts
     D:8: 521 daAuts
     D:6: 303 daAuts
     D:9: 272 daAuts
     D:5: 215 daAuts
     D:2: 157 daAuts
     D:1: 157 daAuts
     D:3: 152 daAuts
    D:10: 88 daAuts
  Temple: 60 daAuts
